 Dungeon Crawl Stone Soup version 0.30.0-18-gc0e69614cb (webtiles) character file.

Game seed: 7396378098610446433

1497 McKennaii the Conjurer (level 8, -6/57 HPs)
             Began as a Demigod Conjurer on May 25, 2023.
             Shot with a bolt by an orc warrior (24 damage)
             ... on level 6 of the Dungeon.
             The game lasted 00:05:06 (5674 turns).

McKennaii the Conjurer (Demigod Conjurer)           Turns: 5674, Time: 00:05:07

Health: -6/57      AC:  3    Str:  8    XL:     8   Next: 27%
Magic:  21/21      EV: 12    Int: 34    God:
Gold:   229        SH:  0    Dex: 12    Spells: 13/20 levels left

rFire   + . .        i - +5 long sword "Qoosoit" {flame, rElec rCorr}
rCold   + + .        (no shield)
rNeg    . . .        o - +0 robe {rC+ rF+}
rPois   .            (no helmet)
rElec   +            p - +0 cloak
rCorr   +            (no gloves)
SInv    .            (no boots)
Will    .....        (no amulet)
Stlth   +            h - +6 ring of intelligence
HPRegen 0.29/turn    v - ring of protection from cold
MPRegen 0.17/turn

%: no passive effects
@: very slow
A: high MP 1, forlorn, divine attributes
a: no special abilities


You were on level 6 of the Dungeon.
You visited 1 branch of the dungeon, and saw 6 of its levels.
You also visited: Sewer.

You collected 229 gold pieces.

Inventory:

Hand Weapons
 i - the +5 long sword "Qoosoit" (weapon) {flame, rElec rCorr}
   (You found it on level 2 of the Dungeon)

   rElec:     It insulates you from electricity.
   rCorr:     It protects you from acid and corrosion.
Armour
 o - a +0 robe of resistance (worn)
 p - a +0 cloak (worn)
Jewellery
 h - a +6 ring of intelligence (left hand)
 v - a ring of protection from cold (right hand)
Scrolls
 e - 3 scrolls of noise
 f - a scroll of enchant weapon
 g - a scroll of acquirement
 j - a scroll of teleportation {unknown}
 l - a scroll of brand weapon
 r - a scroll of fear
 s - a scroll of immolation {unknown}
 u - a scroll of amnesia {unknown}
Potions
 a - a potion of lignification {unknown}
 b - a potion of magic
 c - 3 potions of haste
 d - 4 potions of curing {unknown}
 k - 2 potions of mutation {unknown}
 m - 2 potions of heal wounds {unknown}
 n - a potion of degeneration {unknown}
 q - 3 potions of brilliance {unknown}
 t - a potion of attraction {unknown}


   Skills:
 - Level 1.7 Dodging
 - Level 1.7 Stealth
 + Level 6.5 Spellcasting
 + Level 7.8 Conjurations


You had 13 spell levels left.
You knew the following spells:

 Your Spells              Type           Power      Damage    Failure   Level
a - Magic Dart            Conj           100%       1d8       1%          1
b - Searing Ray           Conj           100%       2d8       1%          2
c - Iskenderun's Mystic   Conj/Tloc      37%        2d9       8%          4

Your spell library contained the following spells:

 Spells                   Type           Power      Damage    Failure   Level
 Kiss of Death            Conj/Necr      100%       2d13      1%          1
 Dazzling Flash           Conj/Hex       74%        N/A       2%          3
 Fulminant Prism          Conj/Hex       18%        3d11      8%          4
 Call Canine Familiar     Summ           11%        N/A       12%         3
 Confusing Touch          Hex            11%        N/A       12%         3
 Portal Projectile        Hex/Tloc       22%        N/A       12%         3
 Dispel Undead            Necr           11%        3d9       36%         4
 Leda's Liquefaction      Hex/Erth       5%         N/A       36%         4


Dungeon Overview and Level Annotations

Branches:
Dungeon (6/15)             Temple (0/1) D:4           Sewer (visited)


Innate Abilities, Weirdness & Mutations

You have an increased reservoir of magic. (+10% MP)
You shall have no god before yourself.
Your divine heritage dramatically boosts your attributes as you level up.


Message History

The orc is almost dead.
An orc warrior comes into view. It is wielding a +0 flail.
The magic dart hits the orc.
You kill the orc!
The orc warrior unwields a +0 flail.
The orc warrior wields a +0 arbalest.
The orc warrior shoots a bolt.
The bolt hits you!
You hear a shout!
The magic dart hits the orc warrior.
The orc warrior is lightly wounded.
The magic dart hits the orc warrior but does no damage.
The orc warrior is lightly wounded.
An orc priest comes into view. It is wielding a +0 dagger.
The orc warrior shoots a bolt.
The bolt hits you!!
There are monsters nearby!
The orc warrior shoots a bolt.
The bolt completely misses you.
Items here: ))) [ ÷.
You enter the shallow water.
Moving in this stuff is going to be slow.
The orc warrior shoots a bolt.
The bolt hits you!
You enter the shallow water.
Moving in this stuff is going to be slow.
The orc warrior shoots a bolt.
The bolt hits you.
* * * LOW HITPOINT WARNING * * *
The orc warrior shoots a bolt.
The bolt hits you.
* * * LOW HITPOINT WARNING * * *
The orc warrior shoots a bolt.
The bolt misses you.
You enter the shallow water.
Moving in this stuff is going to be slow.
There is a collapsed entrance here.
You enter the shallow water.
Moving in this stuff is going to be slow.
Why would you want to do that?
You enter the shallow water.
Moving in this stuff is going to be slow.
You enter the shallow water.
Moving in this stuff is going to be slow.
The orc priest shouts!
The orc priest looks braver for a moment.
The orc warrior shoots a bolt.
The bolt hits you!!
You die...

##.....#......[# ##.....
#......#........#.......
#...o.#).......<.......
######..).).............!..
#######...##.....................
....o...#....).†..†..............
#############)##~....)...........
##~..###~.~.).............
#~~o.~##~@#.)##.....##..).
#~≈#≈.≈#≈~#<<##...... ....
#.≈#≈~≈#≈~##........
#.≈#≈.≈#≈.#...##..##
#~≈#≈.≈#≈.#..## .# #
#~≈#≈.≈#≈~#..# # ##o≈#≈~≈#≈~#..#
#######~~.##..o.~#..#
.o........###..~###.#


You could see an orc warrior and an orc priest.

Vanquished Creatures
  2 water moccasins
  3 black bears
  4 ogres
  A phantom (D:4)
  A gnoll sergeant (D:6)
  2 orc priests (D:5)
  Crazy Yiuf (D:4)
  2 hounds
  A jelly (D:5)
  3 iguanas
  An orc wizard (D:6)
  8 adders
  6 gnolls
  A shadow imp (D:5)
  A white imp (D:6)
  A worm (D:3)
  2 dart slugs (D:1)
  18 orcs
  6 endoplasms
  5 giant cockroaches
  5 goblins
  4 hobgoblins
  8 kobolds
  9 quokkas
  8 ball pythons
  9 bats
  5 frilled lizards
  3 rats
120 creatures vanquished.

Notes
Turn   | Place    | Note
-------+----------+-------------------------------------------
     0 | D:1      | McKennaii the Demigod Conjurer began the quest for the Orb.
     0 | D:1      | Reached XP level 1. HP: 14/14 MP: 5/5
   366 | D:1      | Reached XP level 2. HP: 20/20 MP: 1/7
   498 | D:1      | You fall into a shaft and drop 1 floor!
   510 | D:2      | Reached skill level 4 in Conjurations
   690 | D:1      | Reached XP level 3. HP: 26/26 MP: 4/9
  1323 | D:2      | Identified the +5 long sword "Qoosoit" {flame, rElec rCorr}
  2124 | D:3      | Reached XP level 4. HP: 33/33 MP: 8/11
  2879 | D:4      | Noticed an ogre
  2887 | D:4      | Killed an ogre
  2888 | D:4      | Reached skill level 5 in Conjurations
  2888 | D:4      | Reached XP level 5. HP: 38/38 MP: 8/13
  2891 | D:4      | Learned a level 2 spell: Searing Ray
  2896 | D:4      | Learned a level 4 spell: Iskenderun's Mystic Blast
  3326 | D:4      | Found a runed translucent door.
  3327 | D:4      | Noticed Crazy Yiuf
  3516 | D:4      | Found a staircase to the Ecumenical Temple.
  3777 | D:4      | Killed Crazy Yiuf
  3778 | D:4      | Reached XP level 6. HP: 22/45 MP: 10/15
  3928 | D:5      | Entered Level 5 of the Dungeon
  4181 | D:5      | Reached skill level 6 in Conjurations
  4397 | D:5      | Reached XP level 7. HP: 48/50 MP: 8/17
  4534 | D:5      | Reached skill level 5 in Spellcasting
  5008 | D:5      | Reached skill level 7 in Conjurations
  5076 | D:6      | Identified a scroll of acquirement
  5142 | D:6      | Found a glowing drain.
  5160 | Sewer    | Entered a sewer
  5222 | Sewer    | Reached XP level 8. HP: 57/57 MP: 13/20
  5674 | D:6      | Shot with a bolt by an orc warrior

Illustrated notes

Levels and vault maps discovered:
D:1:      kilobyte_arrival_exit_the_forest, layout_rooms
D:2:      layout_rooms, chequers_ecumenical_altar_simple
D:3:      layout_loops_cross, serial_aquarium, aquarium_bridge_square
          [aquarium_subvault_wall, aquarium_subvault_bridge,
          aquarium_subvault_wall, aquarium_subvault_wall],
          aquarium_bridge_square [aquarium_subvault_bridge,
          aquarium_subvault_bridge, aquarium_subvault_bridge,
          aquarium_subvault_wall], aquarium_window_corner, aquarium_window_1,
          aquarium_view_4, aquarium_view_2c, aquarium_balcony_5b,
          aquarium_pool_five
D:4:      layout_loops_ring, minmay_temple_entry_junction,
          uniq_crazy_yiuf_cottage
D:5:      layout_rooms, grunt_temple_overflow_open, grunt_ministairs_14,
          hangedman_decor_growths, kennysheep_nondescript
D:6:      layout_cave_pools, gup_sewer_entry_pipe, serial_shops,
          nicolae_shop_just_a_little_nook

Skill      XL: |  1  2  3  4  5  6  7 |
---------------+----------------------+-----
Spellcasting   | 2 3 4 6 |  6.5
Conjurations   | 4 5 6 7 |  7.8
Dodging        | |  1.7
Stealth        | |  1.7

Action                     |  1- 3 |  4- 6 |  7- 9 || total
---------------------------+-------+-------+-------++-------
  Melee: Long sword        |     4 |    41 |    38 ||    83
         Punch             |       |     2 |       ||     2
   Cast: Magic Dart        |    94 |    64 |    34 ||   192
         Searing Ray       |       |     9 |    17 ||    26
    Use: Scroll            |       |       |     5 ||     5
 Armour: Robe              |     1 |    12 |    11 ||    24
  Dodge: Dodged            |     9 |    36 |    26 ||    71
